 Dungeon Crawl Stone Soup version 0.28.0-45-g0d030f2227 (webtiles) character file.

Game seed: 11735372666091447446

407 Revguard the Ogre Mage (level 6, -2/59 HPs)
             Began as an Ogre Conjurer on Apr 22, 2022.
             Was an Initiate of Ashenzari.
             Slain by a scorpion (6 damage)
             ... on level 3 of the Dungeon.
             The game lasted 00:18:14 (3739 turns).

Revguard the Ogre Mage (Ogre Conjurer)              Turns: 3739, Time: 00:18:14

Health: -2/59      AC:  4    Str:  9 (12) XL:     6   Next: 88%
Magic:  5/12       EV:  9    Int: 21      God:    Ashenzari [......]
Gold:   80         SH:  0    Dex:  6 (7)  Spells: 1/13 levels left

rFire   . . .      SeeInvis .   i - +1 quarterstaff
rCold   . . .      Faith    .   (shield currently unavailable)
rNeg    + . .      Spirit   .   c - +1 robe {rN+}
rPois   .          Reflect  .   (helmet restricted)
rElec   .          Harm     .   (no cloak)
rCorr   .          Rampage  .   (gloves unavailable)
Will    .....                   (boots unavailable)
Stlth   +.........              f - amulet of regeneration
HPRegen 0.99/turn               (no ring)
MPRegen 0.13/turn               (no ring)

@: lethally poisoned (-2 -> -4)
A: large, unfitting armour, tough skin 1
a: Renounce Religion


You were on level 3 of the Dungeon.
You worshipped Ashenzari.
Ashenzari was noncommittal.
You visited 1 branch of the dungeon, and saw 4 of its levels.

You collected 129 gold pieces.
You spent 49 gold pieces at shops.

Inventory:

Hand Weapons
 g - a +0 flail
 i - a +1 quarterstaff (weapon)
Armour
 a - a +0 robe
 c - a +1 robe of positive energy (worn)
Jewellery
 f - an amulet of regeneration (around neck)
Scrolls
 b - 2 scrolls of identify {unknown}
 e - 2 scrolls of noise
Potions
 l - a potion of flight


   Skills:
 + Level 2.7 Fighting
 - Level 1.0(1.3) Maces & Flails
 + Level 1.3(1.5) Staves
 + Level 1.6 Armour
 + Level 2.6 Dodging
 - Level 1.4 Stealth
 * Level 4.4 Spellcasting
 + Level 4.1 Conjurations
 + Level 1.8 Hexes
 + Level 1.0 Air Magic


You had one spell level left.
You knew the following spells:

 Your Spells              Type           Power      Damage    Failure   Level
a - Magic Dart            Conj           88%        1d7       1%          1
b - Searing Ray           Conj           44%        2d6       3%          2
c - Dazzling Flash        Conj/Hex       34%        N/A       10%         3
d - Fulminant Prism       Conj/Hex       8%         3d7       32%         4
e - Static Discharge      Conj/Air       15%        N/A       6%          2

Your spell library contained the following spells:

 Spells                   Type           Power      Damage    Failure   Level
 Corpse Rot               Necr/Air       12%        N/A       14%         2
 Poisonous Vapours        Pois/Air       12%        N/A       14%         2
 Iskenderun's Mystic Bla  Conj/Tloc      13%        2d5       43%         4
 Lightning Bolt           Conj/Air       7%         1d20      73%         5
 Maxwell's Capacitive Co  Air            4%         ∞         100%        8


Dungeon Overview and Level Annotations

Branches:
Dungeon (4/15)
 Temple: D:4-7

Altars:
Ashenzari
Hepliaklqana
Okawaru
Ru

Shops:
D:4 *


Innate Abilities, Weirdness & Mutations

You are too large for most types of armour.
You have tough skin. (AC +1)


Message History

The orc wizard hits you with a +0 dagger.
The orc barely misses you. x2
You feel better. The scorpion barely misses you. The orc closely misses you.
The orc wizard mumbles some strange words.
The orc wizard flickers and vanishes!
Deactivating autopickup; reactivate with Ctrl-A.
The orc hits you from afar with a +0 trident.
The orc hits you with a +0 hand axe of freezing.
The orc freezes you.
Casting: Static Discharge (safe; 6% risk of failure)
Confirm with . or Enter, or press ? or * to list all spells.
Casting: Dazzling Flash (dangerous; 10% risk of failure)
Press: ? - help, Dir - look around, f - activate The scorpion is dazzled.
The orc is dazzled.
The scorpion barely misses you. The orc hits you with a +0 hand axe.
Something hits you but does no damage.
The orc hits you from afar with a +0 trident.
The orc hits you with a +0 hand axe of freezing.
The orc freezes you. The scorpion stings you!
* * * LOW HITPOINT WARNING * * *
Found a stone staircase leading down.
The scorpion is no longer blind.
The orc is no longer blind.
The scorpion closely misses you.
There is a stone staircase leading up here.
The scorpion stings you!
* * * LOW HITPOINT WARNING * * *
You are poisoned.
The scorpion poisons you!
You climb upwards.
Reactivating autopickup.
You feel very sick.
There is a stone staircase leading down here.
You feel better. The scorpion stings you!
* * * LOW HITPOINT WARNING * * *
You are poisoned.
The scorpion poisons you!
Okay, then.
* * * LOW HITPOINT WARNING * * *
You feel very sick.
You feel sick. The scorpion stings you.
You die...

################
#..............#
#..............#
#..............#
#..............#
#..............##############
#.........>s@...[............
#..............#######.......
#..............'.....'.......
#..............#######.......
#..............# #.......
#........>.....# #.......
#..............# #.......
#..............# #.......
###########'#### ####...#


You could see a scorpion.

Vanquished Creatures
  2 scorpions (D:4)
  Terence (D:3)
  Natasha (thrice) (D:2)
  An orc wizard (D:4)
  A gnoll (D:1)
  A howler monkey skeleton (D:4)
  4 adders
  A worm (D:3)
  A dart slug (D:3)
  5 orcs
  6 ball pythons
  9 endoplasms
  16 giant cockroaches
  8 goblins
  9 hobgoblins
  8 jackals
  8 kobolds
  2 quokkas
  7 bats
  4 frilled lizards
  A rat (D:3)
98 creatures vanquished.

Notes
Turn   | Place    | Note
-------+----------+-------------------------------------------
     0 | D:1      | Revguard the Ogre Conjurer began the quest for the Orb.
     0 | D:1      | Reached XP level 1. HP: 16/16 MP: 3/3
   200 | D:1      | Reached XP level 2. HP: 26/26 MP: 0/5
   204 | D:1      | Learned a level 2 spell: Searing Ray
   301 | D:1      | Found a faded altar of an unknown god.
   398 | D:1      | Reached skill level 1 in Fighting
   772 | D:1      | Reached XP level 3. HP: 30/33 MP: 0/7
   776 | D:1      | Learned a level 3 spell: Dazzling Flash
  1257 | D:2      | Noticed Natasha
  1271 | D:2      | Killed Natasha
  1272 | D:2      | Reached XP level 4. HP: 39/41 MP: 1/9
  1281 | D:2      | Noticed Natasha
  1299 | D:2      | Killed Natasha
  1300 | D:2      | Reached skill level 1 in Armour
  1300 | D:2      | Reached skill level 1 in Hexes
  1322 | D:2      | Learned a level 4 spell: Fulminant Prism
  1409 | D:2      | Noticed Natasha
  1420 | D:2      | Killed Natasha
  1421 | D:2      | Reached skill level 1 in Maces & Flails
  1421 | D:2      | Reached XP level 5. HP: 43/49 MP: 5/10
  2457 | D:3      | Learned a level 2 spell: Static Discharge
  2778 | D:3      | Noticed Terence
  2787 | D:3      | Killed Terence
  2788 | D:3      | Reached XP level 6. HP: 52/57 MP: 4/12
  3087 | D:3      | Found a hazy altar of Hepliaklqana.
  3102 | D:3      | Found a sacrificial altar of Ru.
  3102 | D:3      | Found a broken altar of Ashenzari.
  3102 | D:3      | Found an iron altar of Okawaru.
  3130 | D:3      | Became a worshipper of Ashenzari the Shackled
  3352 | D:4      | Reached skill level 1 in Staves
  3393 | D:4      | Found Vadef's Assorted Antiques.
  3401 | D:4      | Bought a scroll labelled NAXIMMOK TUQASULI for 26 gold
                  | pieces
  3401 | D:4      | Bought a dark potion for 23 gold pieces
  3629 | D:4      | Reached skill level 1 in Air Magic
  3739 | D:3      | Slain by a scorpion

Illustrated notes

Levels and vault maps discovered:
D:1:      heliophobic_arrival_enchanted_forest, layout_basic,
          basic_ecumenical_altar, kennysheep_flooded_box, minmay_surrounded
D:2:      minmay_roachtagon, layout_rooms, uniq_natasha
D:3:      layout_basic, minitemple, st_stairs_2, uniq_terence
D:4:      layout_gridville, serial_shops, kennysheep_little_box

Skill      XL: |  1  2  3  4  5  6 |
---------------+-------------------+-----
Dodging        | 2 |  2.6
Fighting       | 1 2 |  2.7
Spellcasting   | 3 4 |  4.4
Armour         | 1 |  1.6
Hexes          | 1 |  1.8
Maces & Flails | 1 |  1.0
Conjurations   | 4 |  4.1
Staves         | 1 |  1.3
Air Magic      | 1 |  1.0
Stealth        | |  1.4

Action                   |  1- 3 |  4- 6 || total
-------------------------+-------+-------++-------
Melee: Flail             |     5 |    11 ||    16
       Unarmed           |     1 |       ||     1
       Quarterstaff      |       |    32 ||    32
 Cast: Magic Dart        |    30 |    76 ||   106
       Searing Ray       |     6 |    12 ||    18
       Dazzling Flash    |     1 |     6 ||     7
       Static Discharge  |       |     2 ||     2
  Use: Scroll            |     2 |     5 ||     7
       Potion            |     1 |     7 ||     8
 Stab: Invisible         |       |     1 ||     1
Armor: Robe              |     6 |    44 ||    50
Dodge: Dodged            |     6 |    66 ||    72
